 Dungeon Sprint DCSS version 0.17-a0-1718-g72dbe4d (webtiles) character file.

73558 Kidiri the Imperceptible (level 14, -8/58 (59) HPs)
             Began as a Spriggan Enchanter on Aug 26, 2015.
             Was the Champion of Dithmenos.
             Mangled by a fire dragon simulacrum (29 damage)
             ... in the Dungeon (Sprint III: "The Ten Rune Challenge").
             The game lasted 00:27:53 (5947 turns).

Kidiri the Imperceptible (Spriggan Enchanter)       Turns: 5947, Time: 00:27:53

HP:   -8/58 (59)    AC:  6    Str:  4    XL:     14   Next: 1%
MP:   43/48         EV: 37    Int: 24    God:    Dithmenos [******]
Gold: 734           SH:  0    Dex: 19    Spells: 10 memorised, 15 levels left

rFire  . . .     SeeInvis +     x - +7 quick blade
rCold  . . .     Clarity  .     b - +1 robe
rNeg   . . .     SustAt   .     (shield restricted)
rPois  .         Gourm    .     v - +3 hat of Pondering {ponderous, MR+ MP+10 Int+5}
rElec  .         Spirit   .     (no cloak)
rCorr  .         Warding  .     (gloves unavailable)
rMut   .         NoTele   +     (boots unavailable)
MR     +++..                    (no amulet)
Stlth  ++++++++++               (no ring)
                                (no ring)

@: wreathed by umbra, very quick, extremely resistant to hostile enchantments,
uncannily stealthy
A: unfitting armour, fangs 1, see invisible, herbivore 3, speed 3, slow
metabolism 2
a: Shadow Step, Shadow Form, Renounce Religion
}: 2/10 runes: decaying, serpentine


You were in the Dungeon.
You worshipped Dithmenos.
Dithmenos was exalted by your worship.
You were not hungry.

You visited 1 branch You collected 1673 gold pieces.
You spent 939 gold pieces at shops.

Inventory:

Hand weapons
 w - a +0 long sword of holy wrath
 x - a +7 quick blade (weapon)
 y - a +2 rapier of electrocution
Missiles
 t - 11 throwing nets (quivered)
Armour
 b - a +1 robe (worn)
 m - a +0 buckler
 v - the +3 hat of Pondering (worn) {ponderous, MR+ MP+10 Int+5}
   (You took it off Gastronok in the Dungeon)

   It affects your intelligence (+5).
   It affects your resistance to hostile enchantments.
   It affects your magic capacity (+10).
Scrolls
 a - a scroll of amnesia {unknown}
 j - a scroll of blinking
 l - a scroll of holy word
 n - a scroll of fear
 p - a scroll of fog
Potions
 e - a potion of curing
 f - 3 potions of heal wounds
 g - 2 potions of haste
 h - a potion of magic
 i - 2 potions of berserk rage
 k - 3 potions of might
 o - a potion of ambrosia
 q - a potion of cure mutation
 r - a potion of flight {unknown}
 s - a potion of cancellation {unknown}
Books
 z - a book of Burglary

   Spells                             Type                      Level
   a - Swiftness                      Charms/Air                   2
   b - Passwall                       Transmutation/Earth          3
   c - Passage of Golubria            Translocation                4
   d - Lee's Rapid Deconstruction     Earth                        5
   e - Darkness                       Hexes                        6
   f - Invisibility                   Hexes                        6
Comestibles
 c - 27 royal jellies
 d - 2 bread rations
 u - 13 fruits


   Skills:
 + Level 13.3 Short Blades
 * Level 22.0 Dodging
 * Level 23.5 Stealth
 + Level 8.7 Shields
 * Level 19.1 Spellcasting
 + Level 9.4 Conjurations
 + Level 14.6 Hexes
 + Level 0.0 Translocations
 + Level 0.0 Transmutations
 + Level 10.3 Ice Magic
 + Level 0.0 Earth Magic
 - Level 2.4 Invocations


You had 15 spell levels left.
You knew the following spells:

 Your Spells              Type           Power        Failure   Level  Hunger
a - Corona                Hex            #######      0%          1    None
b - Ensorcelled Hibernat  Hex/Ice        ######       1%          2    None
c - Confuse               Hex            #######.     0%          3    None
d - Tukima's Dance        Hex            #######.     0%          3    None
e - Dazzling Spray        Conj/Hex       ######..     1%          3    None
f - Passwall              Trmt/Erth      ###.......   10%         3    None
g - Passage of Golubria   Tloc           N/A          24%         4    None
h - Lee's Rapid Deconstr  Erth           ###.......   67%         5    None
i - Darkness              Hex            #######...   1%          6    ###....
j - Invisibility          Hex            #######.     1%          6    ###....


Dungeon Overview and Level Annotations

Branches:
Dungeon (1/1)

Altars:
Cheibriados
Dithmenos
Elyvilon
Fedhas
Gozag
Kikubaaqudgha
Makhleb
Nemelex Xobeh
Okawaru
Qazlal
Ru
Sif Muna
Trog
Vehumet
Xom
Yredelemnul
Zin
The Shining One
Jiyva
Lugonu

Shops:
D [!}[?:%(=%=%[?}:!?}


Innate Abilities, Weirdness & Mutations

You are tiny and cannot use many weapons and most armour.
You have supernaturally acute eyesight.
You are a herbivore.
You cover ground extremely quickly.
You need consume almost no food.
You have very sharp teeth.


Message History

Found four items. 3 simulacra come into view.
You hit the fire dragon simulacrum. You hit the fire dragon simulacrum.
Unknown command.
Casting: Passwall
Confirm with . or Enter, or press ? or * to list all spells.
Which direction?
The six-headed hydra simulacrum barely misses you.
The six-headed hydra simulacrum bites you.
The six-headed hydra simulacrum freezes you!
The six-headed hydra simulacrum completely misses you. x2
The six-headed hydra simulacrum closely misses you.
The six-headed hydra simulacrum completely misses you.
The fire dragon simulacrum bites you. The fire dragon simulacrum freezes you!
You emit a cloud of dark smoke.
The fire dragon simulacrum misses you.
The fire dragon simulacrum tramples you.
The fire dragon simulacrum freezes you!!
Ouch! That really hurt!
You die...

...#..(#..#.)##.['.......#...≈≈≈≈
▓▓▓▓▓▓▓▓▓▓▓▓▓▓▓▓▓#.......#.......
≈≈≈........≈≈≈...#.......#.......
♣≈≈≈≈≈≈≈≈≈≈≈≈♣♣P.+.......#.......
♣♣♣♣♣♣♣♣♣♣♣♣♣♣♣PP#.......########
♣ ♣♣♣##'########
♣♣♣♣♣♣♣♣♣♣♣♣♣♣♣♣♣#...'§§≈≈≈#
##..##≈≈≈≈≈≈..#ZZ#...#§≈≈≈≈#
#.##.#≈≈≈≈≈...#Z@#).(#.#≈≈≈#
.##.##+≈≈≈≈§####+#####.# ≈≈§#
.##...#≈≈...§.§§.#[.PP.# §§≈≈
#.##.)#≈..+#######.)P.P# ≈≈≈
#.#####...#....))#..)PP# ≈§
..##......#♣♣♣._)#...)P# §
####+#############+##### #
#...........###.....+ ##
#............##.#############.


You could see a six-headed hydra simulacrum and 2 fire dragon simulacra.

Vanquished Creatures
  A bone dragon (D)
  Rupert (D)
  Gastronok (D)
  Harold (D)
  A greater naga (D)
  Maud (D)
  A vampire knight (D)
  2 dire elephants (D)
  A fire dragon (D)
  Erolcha (D)
  2 hydras (D)
  A yaktaur captain (D)
  An ice dragon (D)
  A naga warrior (D)
  A centaur warrior (D)
  3 anacondas (D)
  An anaconda (shapeshifter) (D)
  4 death yaks (D)
  4 dancing weapons (D)
  A death drake (D)
  A lindwurm (D)
  A skeletal warrior (D)
  A sea snake (shapeshifter) (D)
  A spriggan druid (D)
  Joseph (D)
  A lindwurm (shapeshifter) (D)
  An ugly thing (D)
  2 elephants (D)
  2 spiny frogs (D)
  6 black mambas (D)
  An orange crystal statue (D)
  A guardian serpent (D)
  A komodo dragon (shapeshifter) (D)
  A fire drake (D)
  A komodo dragon (D)
  A guardian mummy (D)
  A deep elf priest (D)
  3 wandering mushrooms (D)
  4 spriggan defenders (D)
  2 orc high priests (D)
  A queen bee (D)
  8 blink frogs (D)
  3 slime creatures (D)
  2 trapdoor spiders (D)
  4 redbacks (D)
  A shadow (D)
  2 spriggans (D)
  A spatial vortex (D)
  2 nagas (D)
  2 hill giants (D)
  2 orc warriors (D)
  A hydra simulacrum (D)
  4 water moccasins (D)
  A necrophage (D)
  A swamp drake (D)
  2 brain worms (D)
  3 two-headed ogres (D)
  A water elemental (D)
  An electric eel (D)
  32 killer bees (D)
  A wizard (D)
  A jelly (D)
  3 orc priests (D)
  Jessica (D)
  3 orc wizards (D)
  A necromancer (D)
  A wolf (D)
  A kobold demonologist (D)
  3 humans (D)
  7 adders (D)
  2 swamp drake simulacra (D)
  2 oozes (D)
  An adder simulacrum (D)
  9 orcs (D)
  A rat (D)
  2 plants (D)
176 creatures vanquished.

Vanquished Creatures (collateral kills)
  3 orc high priests (D)
3 creatures vanquished.

Vanquished Creatures (others)
  2 draconian scorchers (D)
  A hydra (D)
  3 yaktaurs (D)
  A bush (D)
  4 plants (D)
11 creatures vanquished.

Grand Total: 190 creatures vanquished

Notes
Turn   | Place    | Note
--------------------------------------------------------------
     0 | D        | Kidiri the Spriggan Enchanter began the quest for the Orb.
     0 | D        | Reached XP level 1. HP: 9/9 MP: 5/5
    10 | D        | Reached skill level 5 in Stealth
    12 | D        | Reached XP level 2. HP: 13/13 MP: 5/7
    37 | D        | Learned a level 2 spell: Ensorcelled Hibernation
    37 | D        | Noticed Jessica
    42 | D        | Killed Jessica
    42 | D        | Reached skill level 5 in Dodging
    42 | D        | Reached skill level 6 in Stealth
    42 | D        | Reached XP level 3. HP: 16/16 MP: 7/9
    53 | D        | Learned a level 3 spell: Confuse
    57 | D        | Learned a level 3 spell: Tukima's Dance
    64 | D        | Noticed a wolf
    84 | D        | Reached skill level 7 in Stealth
    84 | D        | Reached skill level 1 in Ice Magic
   211 | D        | Killed a white draconian scorcher
   214 | D        | Killed a white draconian scorcher
   220 | D        | Killed a yaktaur
   247 | D        | Killed a wolf
   247 | D        | Reached skill level 5 in Spellcasting
   247 | D        | Reached skill level 5 in Hexes
   247 | D        | Reached XP level 4. HP: 21/21 MP: 6/12
   252 | D        | Learned a level 3 spell: Dazzling Spray
   273 | D        | Gained mutation: Your flesh is heat resistant. [potion of mutation]
   273 | D        | Gained mutation: Your mind is acute. (Int +2) [potion of mutation]
   274 | D        | Gained mutation: You have very sharp teeth. [potion of mutation]
   274 | D        | Gained mutation: You occasionally shout uncontrollably at your foes. [potion of mutation]
   275 | D        | Lost mutation: Your mind is acute. (Int +2) [potion of mutation]
   275 | D        | Lost mutation: Your flesh is heat resistant. [potion of mutation]
   275 | D        | Gained mutation: Your muscles are strong. (Str +2) [potion of mutation]
   276 | D        | Gained mutation: You are frail (-10% HP). [potion of mutation]
   276 | D        | Gained mutation: You can translocate small distances at will. [potion of mutation]
   277 | D        | Lost mutation: Your muscles are strong. (Str +2) [potion of cure mutation]
   277 | D        | Lost mutation: You are frail (-10% HP). [potion of cure mutation]
   277 | D        | Lost mutation: You occasionally shout uncontrollably at your foes. [potion of cure mutation]
   277 | D        | Lost mutation: You can translocate small distances at will. [potion of cure mutation]
   327 | D        | Noticed a water elemental
   330 | D        | Killed a water elemental
   330 | D        | Reached skill level 8 in Stealth
   330 | D        | Reached skill level 1 in Conjurations
   339 | D        | Noticed a jelly
   340 | D        | Noticed a shadow
   342 | D        | Killed a shadow
   342 | D        | Reached skill level 10 in Stealth
   342 | D        | Reached XP level 5. HP: 24/24 MP: 12/15
   342 | D        | Reached XP level 6. HP: 28/28 MP: 13/17
   347 | D        | Killed a jelly
   353 | D        | Found a stormy altar of Qazlal.
   354 | D        | Found a sacrificial altar of Ru.
   354 | D        | Found a burning altar of Makhleb.
   354 | D        | Found a viscous altar of Jiyva.
   354 | D        | Found a shimmering altar of Xom.
   354 | D        | Found a shadowy altar of Dithmenos.
   354 | D        | Found a sparkling altar of Nemelex Xobeh.
   354 | D        | Found a corrupted altar of Lugonu.
   354 | D        | Found an opulent altar of Gozag.
   354 | D        | Noticed a spatial vortex
   357 | D        | Killed a spatial vortex
   357 | D        | Reached skill level 5 in Short Blades
   357 | D        | Reached skill level 11 in Stealth
   359 | D        | Became a worshipper of Dithmenos the Shadowed
   393 | D        | Killed an eight-headed hydra
   435 | D        | Found a radiant altar of Vehumet.
   436 | D        | Found a deep blue altar of Sif Muna.
   436 | D        | Found an ancient bone altar of Kikubaaqudgha.
   436 | D        | Noticed a wizard
   437 | D        | Killed a wizard
   439 | D        | Reached skill level 10 in Dodging
   459 | D        | Found a glowing silver altar of Zin.
   460 | D        | Found a glowing golden altar of the Shining One.
   460 | D        | Found a white marble altar of Elyvilon.
   460 | D        | Noticed a deep elf priest
   470 | D        | Killed a deep elf priest
   470 | D        | Reached skill level 1 in Invocations
   470 | D        | Reached XP level 7. HP: 29/32 MP: 12/20
   515 | D        | Found an iron altar of Okawaru.
   516 | D        | Found a bloodstained altar of Trog.
   516 | D        | Noticed a human
   516 | D        | Noticed a human
   518 | D        | Killed a human
   518 | D        | Reached skill level 12 in Stealth
   519 | D        | Killed a human
   545 | D        | Found a snail-covered altar of Cheibriados.
   545 | D        | Noticed a necrophage
   546 | D        | Found a basalt altar of Yredelemnul.
   546 | D        | Found a blossoming altar of Fedhas.
   546 | D        | Noticed a necromancer
   547 | D        | Killed a necrophage
   547 | D        | Acquired Dithmenos's first power
   548 | D        | Killed a necromancer
   548 | D        | Reached XP level 8. HP: 36/36 MP: 22/22
   568 | D        | Noticed a two-headed ogre
   568 | D        | Noticed a two-headed ogre
   572 | D        | Killed a two-headed ogre
   574 | D        | Killed a two-headed ogre
   578 | D        | Noticed a two-headed ogre
   579 | D        | Killed a two-headed ogre
   579 | D        | Reached skill level 13 in Stealth
   579 | D        | Reached skill level 1 in Shields
   579 | D        | Reached skill level 10 in Spellcasting
   587 | D        | Noticed a hill giant
   593 | D        | Killed a hill giant
   593 | D        | Acquired Dithmenos's second power
   619 | D        | Noticed a hill giant
   619 | D        | Noticed Erolcha
   621 | D        | Killed Erolcha
   621 | D        | Reached skill level 14 in Stealth
   621 | D        | Reached skill level 5 in Ice Magic
   621 | D        | Reached XP level 9. HP: 39/39 MP: 23/25
   622 | D        | Killed a hill giant
   634 | D        | Noticed a redback
   638 | D        | Killed a redback
   643 | D        | Noticed a trapdoor spider
   645 | D        | Killed a trapdoor spider
   645 | D        | Acquired Dithmenos's third power
   698 | D        | Noticed a trapdoor spider
   856 | D        | Killed a trapdoor spider
   933 | D        | Noticed a killer bee
   933 | D        | Noticed a killer bee
   933 | D        | Noticed a killer bee
   933 | D        | Noticed a killer bee
   933 | D        | Noticed a killer bee
   933 | D        | Noticed a queen bee
   933 | D        | Noticed a killer bee
   933 | D        | Noticed a killer bee
   933 | D        | Noticed a killer bee
   933 | D        | Noticed a killer bee
   933 | D        | Noticed a killer bee
   933 | D        | Noticed a killer bee
   933 | D        | Noticed a killer bee
   933 | D        | Noticed a killer bee
   933 | D        | Noticed a killer bee
   934 | D        | Noticed a killer bee
   934 | D        | Noticed a killer bee
   934 | D        | Noticed a killer bee
   934 | D        | Noticed a killer bee
   934 | D        | Noticed a killer bee
   934 | D        | Noticed a killer bee
   934 | D        | Noticed a killer bee
   934 | D        | Noticed a killer bee
   934 | D        | Noticed a killer bee
   934 | D        | Noticed a killer bee
   934 | D        | Noticed a killer bee
   934 | D        | Noticed a killer bee
   934 | D        | Noticed a killer bee
   934 | D        | Noticed a killer bee
   934 | D        | Noticed a killer bee
   934 | D        | Noticed a killer bee
   934 | D        | Noticed a killer bee
   934 | D        | Noticed a killer bee
   935 | D        | Killed a killer bee
   936 | D        | Killed a killer bee
   943 | D        | Killed a killer bee
   945 | D        | Killed a killer bee
   945 | D        | Acquired Dithmenos's fourth power
   949 | D        | Killed a killer bee
   949 | D        | Reached skill level 15 in Stealth
   951 | D        | Killed a killer bee
   955 | D        | Killed a killer bee
   957 | D        | Killed a killer bee
   959 | D        | Killed a killer bee
  1094 | D        | Killed a killer bee
  1096 | D        | Killed a killer bee
  1098 | D        | Killed a killer bee
  1103 | D        | Killed a killer bee
  1105 | D        | Killed a killer bee
  1113 | D        | Killed a killer bee
  1115 | D        | Killed a killer bee
  1253 | D        | Killed a killer bee
  1257 | D        | Killed a killer bee
  1259 | D        | Killed a killer bee
  1261 | D        | Killed a killer bee
  1265 | D        | Killed a killer bee
  1265 | D        | Reached skill level 5 in Conjurations
  1267 | D        | Killed a killer bee
  1269 | D        | Killed a killer bee
  1269 | D        | Killed a yaktaur
  1273 | D        | Killed a killer bee
  1405 | D        | Killed a killer bee
  1409 | D        | Killed a killer bee
  1411 | D        | Killed a killer bee
  1413 | D        | Killed a killer bee
  1413 | D        | Reached XP level 10. HP: 44/44 MP: 14/27
  1415 | D        | Killed a killer bee
  1419 | D        | Killed a killer bee
  1421 | D        | Killed a killer bee
  1426 | D        | Killed a killer bee
  1428 | D        | Killed a queen bee
  1690 | D        | Noticed a wandering mushroom
  1691 | D        | Noticed a wandering mushroom
  1691 | D        | Noticed a wandering mushroom
  1692 | D        | Killed a wandering mushroom
  1696 | D        | Killed a wandering mushroom
  1696 | D        | Reached skill level 10 in Hexes
  1696 | D        | Killed a wandering mushroom
  1696 | D        | Reached skill level 16 in Stealth
  1873 | D        | Noticed a spiny frog
  1873 | D        | Noticed a komodo dragon
  1873 | D        | Noticed a spiny frog
  1876 | D        | Killed a spiny frog
  1880 | D        | Killed a spiny frog
  1880 | D        | Reached skill level 15 in Dodging
  1888 | D        | Killed a komodo dragon
  1952 | D        | Noticed a redback
  1954 | D        | Killed a redback
  1955 | D        | Noticed a brain worm
  1958 | D        | Killed a brain worm
  1961 | D        | Noticed a brain worm
  1963 | D        | Killed a brain worm
  1966 | D        | Noticed a lindwurm
  1968 | D        | Noticed a redback
  1969 | D        | Killed a lindwurm
  1971 | D        | Killed a redback
  1977 | D        | Noticed a redback
  1978 | D        | Killed a redback
  1978 | D        | Reached skill level 17 in Stealth
  1979 | D        | Noticed Maud
  1981 | D        | Killed Maud
  1981 | D        | Reached XP level 11. HP: 47/47 MP: 29/29
  2041 | D        | Noticed an electric eel
  2044 | D        | Noticed a five-headed hydra
  2044 | D        | Noticed a seven-headed hydra
  2046 | D        | Killed an electric eel
  2069 | D        | Killed a five-headed hydra
  2069 | D        | Reached skill level 5 in Shields
  2080 | D        | Killed a seven-headed hydra
  2202 | D        | Noticed a death drake
  2204 | D        | Killed a death drake
  2204 | D        | Reached skill level 18 in Stealth
  2225 | D        | Found a blossoming altar of Fedhas.
  2225 | D        | Noticed a spriggan
  2225 | D        | Noticed a spriggan druid
  2225 | D        | Noticed a spriggan
  2227 | D        | Killed a spriggan druid
  2228 | D        | Killed a spriggan
  2229 | D        | Killed a spriggan
  2251 | D        | Noticed an anaconda
  2252 | D        | Noticed a water moccasin
  2252 | D        | Noticed a black mamba
  2252 | D        | Noticed a water moccasin
  2252 | D        | Noticed a black mamba
  2256 | D        | Killed an anaconda
  2256 | D        | Reached skill level 10 in Short Blades
  2261 | D        | Killed a black mamba
  2265 | D        | Killed a water moccasin
  2272 | D        | Noticed a black mamba
  2272 | D        | Killed a water moccasin
  2273 | D        | Noticed a water moccasin
  2276 | D        | Killed a water moccasin
  2282 | D        | Killed a black mamba
  2286 | D        | Killed a black mamba
  2286 | D        | Reached skill level 15 in Spellcasting
  2293 | D        | Noticed a black mamba
  2445 | D        | Noticed a water moccasin
  2458 | D        | Killed a water moccasin
  2462 | D        | Killed a black mamba
  2471 | D        | Noticed an anaconda
  2566 | D        | Noticed an anaconda
  2567 | D        | Killed an anaconda
  2567 | D        | Reached skill level 19 in Stealth
  2575 | D        | Killed an anaconda
  2658 | D        | Noticed a naga
  2658 | D        | Noticed a naga
  2659 | D        | Noticed a naga warrior
  2659 | D        | Noticed a greater naga
  2659 | D        | Found Yxtekk's Antique Armour Shop.
  2659 | D        | Found Kuclil's Magic Scroll Shoppe.
  2660 | D        | Killed a naga
  2661 | D        | Killed a naga
  2662 | D        | Found Zethrao's Book Boutique.
  2663 | D        | Killed a naga warrior
  2663 | D        | Reached XP level 12. HP: 51/51 MP: 27/32
  2664 | D        | Killed a greater naga
  2690 | D        | Noticed a guardian serpent
  2692 | D        | Killed a guardian serpent
  2695 | D        | Got a serpentine rune of Zot
  2779 | D        | Noticed a swamp drake
  2779 | D        | Noticed a fire drake
  2780 | D        | Killed a fire drake
  2782 | D        | Killed a swamp drake
  2789 | D        | Noticed a blink frog
  2789 | D        | Noticed a blink frog
  2789 | D        | Noticed a blink frog
  2790 | D        | Noticed a blink frog
  2790 | D        | Noticed a blink frog
  2791 | D        | Killed a blink frog
  2794 | D        | Killed a blink frog
  2800 | D        | Killed a blink frog
  2802 | D        | Killed a blink frog
  2805 | D        | Killed a blink frog
  2805 | D        | Reached skill level 20 in Stealth
  2862 | D        | Noticed Rupert
  2864 | D        | Killed Rupert
  2883 | D        | Noticed a death yak
  2884 | D        | Noticed a death yak
  2884 | D        | Noticed a blink frog
  2885 | D        | Noticed an azure jelly
  2885 | D        | Noticed a death yak
  2885 | D        | Noticed an azure jelly
  2885 | D        | Noticed a blink frog
  2885 | D        | Noticed a death yak
  2886 | D        | Killed a death yak
  2887 | D        | Killed a blink frog
  2888 | D        | Killed a death yak
  2889 | D        | Noticed a blink frog
  2889 | D        | Noticed a black mamba
  2890 | D        | Killed a death yak
  2891 | D        | Noticed a black mamba
  2892 | D        | Killed a blink frog
  2893 | D        | Killed a blink frog
  2894 | D        | Killed a death yak
  2896 | D        | Killed a black mamba
  2897 | D        | Killed a black mamba
  2897 | D        | Reached skill level 21 in Stealth
  2914 | D        | Noticed an azure jelly
  2914 | D        | Noticed an azure jelly
  2974 | D        | Noticed a five-headed hydra simulacrum
  2976 | D        | Killed a five-headed hydra simulacrum
  2989 | D        | Found Eream's Antique Armour Shoppe.
  2989 | D        | Found Ojufo's Distillery.
  2989 | D        | Found Zeqiv's Gadget Emporium.
  3126 | D        | Noticed an ice dragon
  3140 | D        | Killed an ice dragon
  3417 | D        | Got a decaying rune of Zot
  3706 | D        | Noticed an elephant
  3706 | D        | Noticed an elephant
  3706 | D        | Noticed a dire elephant
  3706 | D        | Noticed a dire elephant
  3706 | D        | Noticed Gastronok
  3708 | D        | Killed Gastronok
  3708 | D        | Reached XP level 13. HP: 55/55 MP: 35/35
  3709 | D        | Killed a dire elephant
  3711 | D        | Killed a dire elephant
  3715 | D        | Killed an elephant
  3717 | D        | Killed an elephant
  3830 | D        | Noticed Harold
  3830 | D        | Noticed Joseph
  3832 | D        | Killed Harold
  3833 | D        | Killed Joseph
  3869 | D        | Noticed an orc warrior
  3870 | D        | Noticed an orc high priest
  3872 | D        | Noticed an orc high priest
  3880 | D        | Killed an orc warrior
  3882 | D        | Noticed an orc wizard
  3884 | D        | Noticed an orc warrior
  3887 | D        | Killed an orc wizard
  3888 | D        | Killed an orc high priest
  3888 | D        | Reached skill level 22 in Stealth
  3889 | D        | Noticed an orc high priest
  3899 | D        | Killed an orc warrior
  3905 | D        | Noticed an orc priest
  3917 | D        | Killed an orc high priest
  3927 | D        | Noticed an orc wizard
  3927 | D        | Killed an orc priest
  3928 | D        | Noticed an orc wizard
  3936 | D        | Killed an orc high priest
  3941 | D        | Killed an orc wizard
  3942 | D        | Killed an orc wizard
  4191 | D        | Found Impamoipt's Food Shop.
  4346 | D        | Bought a scroll of remove curse for 39 gold pieces
  4493 | D        | Noticed an orc high priest
  4493 | D        | Noticed an orc high priest
  4494 | D        | Noticed an orc priest
  4494 | D        | Noticed an orc priest
  4494 | D        | Killed a yaktaur
  4495 | D        | Killed an orc high priest
  4496 | D        | Killed an orc high priest
  4498 | D        | Killed an orc priest
  4499 | D        | Killed an orc priest
  4546 | D        | Noticed a spriggan defender
  4547 | D        | Noticed a spriggan defender
  4547 | D        | Noticed a spriggan defender
  4547 | D        | Noticed a spriggan defender
  4548 | D        | Killed a spriggan defender
  4549 | D        | Killed a spriggan defender
  4551 | D        | Killed a spriggan defender
  4552 | D        | Killed a spriggan defender
  4640 | D        | Noticed an anubis guard
  4640 | D        | Noticed an anaconda
  4642 | D        | Killed an anaconda
  4643 | D        | an anubis guard changed into a mana viper
  4682 | D        | Noticed a lindwurm
  4685 | D        | Killed a lindwurm
  4714 | D        | Noticed a centaur warrior
  4716 | D        | Killed a centaur warrior
  4725 | D        | Noticed a fire dragon
  4727 | D        | Killed a fire dragon
  4745 | D        | Noticed a long sword of draining
  4745 | D        | Noticed a flail of holy wrath
  4746 | D        | Noticed an antimagic battleaxe
  4747 | D        | Noticed a short sword of draining
  4748 | D        | Killed an antimagic battleaxe
  4756 | D        | Killed a short sword of draining
  4761 | D        | Killed a long sword of draining
  4930 | D        | Killed a flail of holy wrath
  4964 | D        | Noticed a slime creature
  4964 | D        | Noticed a sea snake
  4964 | D        | Noticed a slime creature
  4965 | D        | Noticed a purple ugly thing
  4965 | D        | Noticed a slime creature
  4965 | D        | Noticed a yaktaur captain
  4966 | D        | Killed a slime creature
  4967 | D        | Killed a sea snake
  4967 | D        | Reached skill level 10 in Ice Magic
  4969 | D        | Killed a slime creature
  4969 | D        | Reached skill level 23 in Stealth
  4971 | D        | Killed a purple ugly thing
  4972 | D        | Killed a slime creature
  5030 | D        | Killed a yaktaur captain
  5084 | D        | Noticed a skeletal warrior
  5086 | D        | Killed a skeletal warrior
  5223 | D        | Noticed a guardian mummy
  5225 | D        | Killed a guardian mummy
  5328 | D        | Noticed a vampire knight
  5341 | D        | Killed a vampire knight
  5405 | D        | Noticed a bone dragon
  5407 | D        | Killed a bone dragon
  5407 | D        | Reached XP level 14. HP: 58/58 MP: 38/38
  5413 | D        | Noticed a bone dragon
  5556 | D        | Noticed an orange crystal statue
  5733 | D        | Killed an orange crystal statue
  5831 | D        | Found Dointak's Antique Armour Emporium.
  5831 | D        | Found Maedghyor's Gadget Shop.
  5831 | D        | Found Caifach's Jewellery Boutique.
  5831 | D        | Found Luojuiw's Gadget Shoppe.
  5831 | D        | Found Jefaso's Food Boutique.
  5831 | D        | Found Waxkih's Magic Scroll Emporium.
  5831 | D        | Found Noepakk's Food Shoppe.
  5831 | D        | Found Ununen's Magic Scroll Shop.
  5831 | D        | Found Kaloem's Jewellery Shop.
  5831 | D        | Found Goxomuof's Distillery.
  5831 | D        | Found Osoypt's Antique Weapon Emporium.
  5831 | D        | Found Qexy's Book Boutique.
  5875 | D        | Bought a book of Burglary for 900 gold pieces
  5879 | D        | Learned a level 3 spell: Passwall
  5884 | D        | Learned a level 4 spell: Passage of Golubria
  5890 | D        | Learned a level 5 spell: Lee's Rapid Deconstruction
  5897 | D        | Learned a level 6 spell: Darkness
  5904 | D        | Learned a level 6 spell: Invisibility
  5945 | D        | Noticed a fire dragon simulacrum
  5945 | D        | Noticed a six-headed hydra simulacrum
  5945 | D        | Noticed a fire dragon simulacrum
  5947 | D        | Mangled by a fire dragon simulacrum

Vault maps used:
D:        dungeon_sprint_mu

Action                   |  1- 3 |  4- 6 |  7- 9 | 10-12 | 13-15 || total
-------------------------+-------+-------+-------+-------+-------++-------
Melee: Dagger            |    19 |     9 |    52 |    75 |    27 ||   182
       Short sword       |       |       |       |       |    64 ||    64
       Quick blade       |       |       |       |       |    55 ||    55
 Cast: Ensorcelled Hiber |     5 |       |    46 |    40 |     6 ||    97
       Confuse           |     1 |       |       |     2 |     6 ||     9
       Corona            |     1 |       |       |       |       ||     1
       Dazzling Spray    |       |     1 |     4 |    28 |    46 ||    79
       Tukima's Dance    |       |     1 |       |       |     5 ||     6
       Passwall          |       |       |       |       |     2 ||     2
Invok: Shadow Step       |       |       |     4 |    14 |    10 ||    28
  Use: Potion            |       |     5 |       |       |     1 ||     6
       Scroll            |       |     4 |     1 |       |     1 ||     6
 Stab: Sleeping          |     5 |     6 |    41 |    58 |    32 ||   142
       Invisible         |       |     1 |       |     2 |     2 ||     5
       Distracted        |       |       |       |       |     1 ||     1
  Eat: Bread ration      |       |       |       |     1 |       ||     1
